 Dungeon Crawl Stone Soup version 0.24-a0-539-g6aae15eeb0 (webtiles) character file.

Game seed: 9811304990160280624

16 Chiseanne the Magician (level 2, 0/19 HPs)
             Began as a Demonspawn Wizard on Aug 17, 2019.
             Slain by a jackal (1 damage)
             ... on level 2 of the Dungeon.
             The game lasted 00:01:22 (1378 turns).

Chiseanne the Magician (Demonspawn Wizard)          Turns: 1378, Time: 00:01:22

Health: 0/19       AC:  2    Str:  7    XL:     2   Next: 41%
Magic:  0/6        EV: 12    Int: 19    God:
Gold:   54         SH:  0    Dex: 11    Spells: 6/7 levels left

rFire    + . .     SeeInvis .   g - +1 club
rCold    . . .     Gourm    .   (no shield)
rNeg     . . .     Faith    .   a - +0 robe
rPois    .         Spirit   .   b - +0 hat
rElec    .         Reflect  .   (no cloak)
rCorr    .         Harm     .   (no gloves)
MR       .....                  (no boots)
Stlth    ++........             (no amulet)
HPRegen  0.06/turn              (no ring)
MPRegen  0.10/turn              (no ring)

@: no status effects
A: fire resistance 1
a: no special abilities


You were on level 2 of the Dungeon.
You were not hungry.

You visited 1 branch of the dungeon, and saw 2 of its levels.

You collected 54 gold pieces.

Inventory:

Hand Weapons
 g - a +1 club (weapon)
Missiles
 i - 28 stones (quivered)
 k - 18 arrows
Armour
 a - a +0 robe (worn)
 b - a +0 hat (worn)
Jewellery
 f - an uncursed ring of stealth {unknown}
Scrolls
 e - 2 scrolls of teleportation {unknown}
 h - a scroll of identify {unknown}
Comestibles
 d - a ration
 j - 2 chunks of flesh


   Skills:
 - Level 1.7 Dodging
 - Level 1.7 Stealth
 * Level 3.3 Spellcasting
 * Level 1.8 Conjurations
   Level 1.0 Summonings
   Level 0.8 Translocations


You had 6 spell levels left.
You knew the following spells:

 Your Spells              Type           Power        Failure   Level  Hunger
a - Magic Dart            Conj           ##..         7%          1    None

Your spell library contained the following spells:

 Spells                   Type           Power        Failure   Level  Hunger
 Call Imp                 Summ           #.......     14%         2    ##.....
 Blink                    Tloc           N/A          16%         2    ##.....
 Slow                     Hex            #.......     22%         2    ##.....
 Conjure Flame            Conj/Fire      #.......     30%         3    ###....
 Mephitic Cloud           Conj/Pois/Air  #.......     34%         3    ###....


Dungeon Overview and Level Annotations

Branches:
Dungeon (2/15)

Altars:


Innate Abilities, Weirdness & Mutations

Your flesh is heat resistant. (rF+)


Message History

* * * LOW HITPOINT WARNING * * *
The jackal barely misses you.
You hit the jackal but do no damage. The jackal bites you.
* * * LOW HITPOINT WARNING * * *
The jackal closely misses you.
Casting: Magic Dart (safe; 7% risk of failure)
Confirm with . or Enter, or press ? or * to list all spells.
Aiming: Magic Dart (safe; 7% risk of failure)
Press: ? - help, Shift-Dir - straight line, f - jackal
Aim: a jackal The magic dart hits the jackal.
The jackal is moderately wounded.
The jackal barely misses you.
You aren't carrying any potions.
As you read the scroll labeled TEIBEU LAUNT, it crumbles to dust.
It is a scroll of enchant weapon.
Your +0 club glows red for a moment.
The jackal closely misses you. The jackal completely misses you.
You closely miss the jackal. The jackal bites you.
You die...

.. #.#
##.## #...#
#...# #...#
#
#...##.###
#.h......#
#.@.##.#..#
#...# #####


You could see a jackal.

Vanquished Creatures
  A leopard gecko (D:1)
  A ball python (D:1)
  3 bats (D:1)
  A goblin (D:1)
  A hobgoblin (D:1)
  2 jackals (D:1)
  A frilled lizard (D:1)
  2 kobolds (D:1)
  2 rats (D:1)
14 creatures vanquished.

Notes
Turn   | Place    | Note
-------+----------+-------------------------------------------
     0 | D:1      | Chiseanne the Demonspawn Wizard began the quest for the
                  | Orb.
     0 | D:1      | Reached XP level 1. HP: 13/13 MP: 4/4
   849 | D:1      | Gained mutation: Your flesh is heat resistant. (rF+)
                  | [demonic ancestry]
   849 | D:1      | Reached XP level 2. HP: 19/19 MP: 3/6
  1378 | D:2      | Slain by a jackal

Levels and vault maps discovered:
D:1:      dpeg_arrival_circle_labyrinth_c, layout_basic
D:2:      layout_rooms, first_ration, uniq_sigmund, uniq_robin

Action                   || total
-------------------------++-------
Melee: Club              ||    16
       Unarmed           ||     8
 Cast: Magic Dart        ||    36
  Use: Scroll            ||     1
  Eat: Chunk             ||     1
Armor: Robe              ||    12
Dodge: Dodged            ||    37

Table legend:
 A = Non-vault XP
 B = Vault XP
 C = Vault XP percentage of total XP
 D = Non-vault monster count
 E = Vault monster count
 F = Vault count percentage of total count
                 A         B        C        D         E       F
            +---------+---------+-------+---------+---------+-------
      Total |      24 |       0 |   0.0 |      14 |       0 |   0.0
            +---------+---------+-------+---------+---------+-------
        D:1 |      24 |       0 |   0.0 |      14 |       0 |   0.0
            +---------+---------+-------+---------+---------+-------
